APic, neutral female human Valkyrie `################### ------- ------- -----# ####......| |).|..| +...|# # |.....| |).|[.| |...-#######......| | ----+----- ----+--[-----...|### |.....| |..................@)[..........|### #..<...| | -+-----+--.......-|-----|--...| #####---|--- |...... |....|...|...| # ## |...... |..@.|.%.|...| ##### # -..... |f.@.|...|...| # ## ...{. |...[|.(.|...|##) -)------ ------ ---------|...|) |..>...| |...|## #-......| +...|# |......| |...|# -------- | --------------- -----------....# |...............................|# --------------------------------- APic the Fighter Experience level: 7 Strength: 18 Dexterity: 11 Constitution: 18 Intelligence: 9 Wisdom: 15 Charisma: 8 Health: 0(55) Energy: 25(25) Def: 6 Gold: 807 Moves: 4189 Dungeon seed: abuXQRsobZcEjaiD Game ID: APic_1433251225 Your Inventory: Coins $ - 807 gold pieces Amulets t - a cursed amulet of strangulation Weapons a - a blessed +3 spear (weapon in hand) d - a +0 dagger (in quiver) v - a blessed +0 sling W - 4 +0 daggers Armor e - an uncursed +2 small shield (being worn) n - an uncursed +0 leather armor (being worn) q - an uncursed +0 pair of jumping boots (being worn) r - a cursed -1 dwarvish cloak (being worn) H - an uncursed +0 dwarvish cloak I - an uncursed +0 orcish helm (being worn) Comestibles i - an uncursed food ration A - an uncursed Avocado Scrolls E - an uncursed scroll of charging X - an uncursed scroll of scare monster Rings F - an uncursed ring of cold resistance P - an uncursed ring of poison resistance S - a cursed ring of aggravate monster Wands l - a wand of slow monster (0:7) Tools b - an uncursed bag of holding h - an uncursed bell k - an uncursed lock pick B - an uncursed wooden flute C - 21 uncursed tallow candles (0:200) D - 7 blessed wax candles (0:400) L - an uncursed oil lamp (0:133) T - 3 uncursed wax candles (0:400) U - a cursed tallow candle (0:200) V - an uncursed leash Gems j - an uncursed flint stone s - an uncursed luckstone Contents of the bag of holding: an uncursed cram ration 2 uncursed cram rations 4 uncursed food rations 4 uncursed food rations an uncursed orange an uncursed potion of booze a cursed potion of booze an uncursed potion of fruit juice an uncursed potion of full healing an uncursed potion of gain level an uncursed potion of hallucination a cursed potion of hallucination a cursed potion of monster detection an uncursed potion of paralysis an uncursed potion of sickness a wand of secret door detection (0:13) a +0 pick-axe an uncursed opal an uncursed worthless piece of black glass an uncursed worthless piece of blue glass 3 uncursed worthless pieces of green glass 3 uncursed worthless pieces of orange glass 2 uncursed worthless pieces of red glass an uncursed worthless piece of yellowish brown glass Spells known in the end: Name Level Category Fail Memory Your skills at the end: Fighting Skills Weapon Skills dagger [Basic] spear [Skilled] Spellcasting Skills Final Attributes: You were fervently aligned. You were cold resistant. You were telepathic. You were stealthy. You could jump. You could fly. You were fast. You were very lucky. You had extra luck. Bad luck did not time out for you. Good luck did not time out for you. You are dead. Vanquished creatures: a gnome king a blue jelly 3 apes 3 Mordor orcs a yellow light a shrieker 8 gnome lords a gnomish wizard a floating eye a kitten 8 dwarves 2 rothes a centipede 2 giant bats a monkey a wererat an iguana a coyote a gas spore 4 hobbits a large kobold 2 hobgoblins 5 giant rats 3 cave spiders a brown mold 2 green molds 26 gnomes a gnome zombie 2 geckos 2 jackals 4 foxen a sewer rat 7 grid bugs 2 lichens a kobold zombie 5 newts 108 creatures vanquished. Voluntary challenges: You had been an atheist until turn 4117. You used a wielded weapon 122 times, starting on turn 70. You were illiterate. You never genocided any monsters. You never polymorphed an object. You never changed form. You used no wishes. You never split a pudding. You never wrote Elbereth's name. You violated your moral code, losing 5 points of alignment, starting on turn 4187. Dungeon overview: The Dungeons of Doom: levels 1 to 3 Level 1 a long staircase Level 2 stairs to The Gnomish Mines Level 3 The Gnomish Mines: levels 3 to 6 Level 3 stairs to The Dungeons of Doom Level 4 Level 5 Level 6 <- You were here a delicatessen, a temple to Odin, a fountain History has recorded: On T:1 you entered the Dungeons of Doom to retrieve the Amulet of Yendor! On T:679 you advanced to experience level 2. On T:808 you reached level 2 of The Dungeons of Doom. On T:1269 you reached level 1 of The Gnomish Mines. On T:1270 you advanced to experience level 3. On T:1481 you reached level 3 of The Dungeons of Doom. On T:1802 you advanced to experience level 4. On T:2183 you advanced to experience level 5. On T:2422 you reached level 2 of The Gnomish Mines. On T:2860 you advanced to experience level 6. On T:3050 you reached level 3 of The Gnomish Mines. On T:3665 you reached level 4 of The Gnomish Mines. On T:4074 you advanced to experience level 7. Score breakdown: Gold: 807 ( 9890 points) Experience: 7 levels (13645 points) Exploration: 6 levels ( 12.00%) ( 9583 points) Discoveries: 4 items ( 1.63%) ( 3825 points) Valuables value: (no points given unless you survive) Artifact value: 0 ( 0 points) Variety of kills: 36 monsters ( 9.50%) ( 9245 points) Time penalty: 4189 turns (-1093 points) Survival: died (score multiplied by 80%) Total score: 36076 Latest messages: Q - 3 uncursed green gems. R - 3 uncursed orange gems. N - 2 uncursed red gems. s - an uncursed stone called Flint/Luck. j - an uncursed stone called probably Flint. J - an uncursed white gem. x - an uncursed yellowish brown gem. A leash lands on the altar. A stone called probably Flint lands on the altar. A black gem lands on the altar. A stone called Flint/Luck lands on the altar. Where do you want to jump? You bump into the priestess of Odin. You hesitate for a moment, bothered by your conscience. The priestess of Odin gets angry! The priestess of Odin wields a mace! The priestess of Odin kicks! The priestess of Odin casts a spell at you! The priestess of Odin swings her mace. The priestess of Odin hits! The priestess of Odin kicks! The priestess of Odin points at you, then curses. The priestess of Odin swings her mace. The priestess of Odin hits! You die... Final status: Farvel APic the Valkyrie, killed by a priestess of Odin, while paralyzed by a monster... You died in The Gnomish Mines on dungeon level 6 with 36076 points, and 807 pieces of gold, after 4189 moves. You were level 7 with a maximum of 55 hit points when you died.